 Dungeon Crawl Stone Soup version 0.18-a0-1778-gadce9fa (webtiles) character file.

206 Chiseanne the Skirmisher (level 5, -1/63 HPs)
             Began as a Demonspawn Monk on Apr 16, 2016.
             Slain by an orc priest
             ... wielding a +0 dagger
              (3 damage)
             ... on level 3 of the Dungeon.
             The game lasted 00:06:13 (2491 turns).

Chiseanne the Skirmisher (Demonspawn Monk)          Turns: 2491, Time: 00:06:14

Health: -1/63      AC: 27    Str: 12    XL:     5   Next: 53%
Magic:  5/5        EV:  2    Int: 11    God:
Gold:   169        SH:  4    Dex: 16    Spells: 0 memorised, 4 levels left

rFire  . . .     SeeInvis .     a - +3 flail (protect)
rCold  . . .     Gourm    .     (armour currently unavailable)
rNeg   + + +     Faith    .     g - +0 buckler
rPois  +         Spirit   .     (helmet currently unavailable)
rElec  .         Dismiss  .     (cloak currently unavailable)
rCorr  .         Reflect  .     (gloves currently unavailable)
SustAt .         Harm     .     (boots currently unavailable)
MR     .....     NoTele   +     (no amulet)
Stlth  ++........               (no ring)
                                (no ring)

@: tree-form, not resistant to hostile enchantments, unstealthy
A: powered by death 1
a: no special abilities


You were on level 3 of the Dungeon.
You were not hungry.
You were a tree.
You visited 1 branch of the dungeon, and saw 3 of its levels.

You collected 169 gold pieces.

Inventory:

Hand Weapons
 a - a +3 flail of protection (weapon)
Missiles
 l - 29 arrows
Armour
 f - a cursed +0 chain mail (melded)
 g - a +0 buckler (worn)
 j - a +3 chain mail of magic resistance
Scrolls
 h - 2 scrolls of identify
 k - a scroll of teleportation
Potions
 c - a potion of agility
 m - a potion of flight
 q - a potion of berserk rage
Comestibles
 b - 2 bread rations
 d - a meat ration
 e - 6 fruits
 i - 2 chunks of flesh
 n - a beef jerky


   Skills:
 * Level 4.1 Fighting
 * Level 1.8 Armour
 * Level 4.0 Dodging
 - Level 1.7 Stealth
 * Level 1.8 Shields
 - Level 3.6 Unarmed Combat


You had 4 spell levels left.
You didn't know any spells.

Dungeon Overview and Level Annotations

Branches:
Dungeon (3/15)

Altars:
Dithmenos
Fedhas


Innate Abilities, Weirdness & Mutations

You regenerate a little health from kills.


Message History

You are too injured to fight recklessly!
You are too injured to fight recklessly!
You are too injured to fight recklessly!
You closely miss the orc priest.
The orc priest is severely wounded.
The orc completely misses you.
The orc priest mumbles some strange prayers to Beogh against you.
Beogh smites you!
* * * LOW HITPOINT WARNING * * *
The giant newt bites you but does no damage.
Drink which item? (? for menu, Esc to quit)
You turn into a tree.
Your cursed +0 chain mail melds into your body.
Your roots penetrate the ground.
The orc priest hits you but does no damage.
The orc hits you but does no damage. The giant newt completely misses you.
You closely miss the orc priest.
The orc priest is severely wounded.
The orc priest hits you with a dagger.
You die...

. .# ##. ...
# .<. #.##.
##.#
#..#.###oKS
#...#$ol#
##...♣o#
###..b..##
#........#
....####.###
.## #.#.#
#...# #..##
#..# #b.#


You could see an orc priest, an adder, 2 orcs, a kobold and a giant newt.

Vanquished Creatures
  Jessica (D:2)
  Natasha (twice) (D:2)
  Terence (D:2)
  3 adders (D:2)
  2 oozes
  A worm (D:2)
  3 dart slugs (D:1)
  3 giant geckos
  5 orcs (D:3)
  4 giant cockroaches
  3 goblins
  5 hobgoblins
  6 jackals
  5 kobolds
  2 quokkas (D:2)
  A ball python (D:1)
  3 bats
  5 giant newts
  2 rats (D:1)
  A bush (D:2)
58 creatures vanquished.

Notes
Turn   | Place    | Note
--------------------------------------------------------------
     0 | D:1      | Chiseanne the Demonspawn Monk began the quest for the Orb.
     0 | D:1      | Reached XP level 1. HP: 18/18 MP: 1/1
    80 | D:1      | Gained mutation: You regenerate a little health from kills. [demonic ancestry]
    80 | D:1      | Reached XP level 2. HP: 18/24 MP: 2/2
   500 | D:1      | Reached XP level 3. HP: 26/29 MP: 3/3
   894 | D:2      | Noticed Terence
  1207 | D:2      | Found a shadowy altar of Dithmenos.
  1265 | D:2      | Found a blossoming altar of Fedhas.
  1436 | D:2      | Reached skill level 1 in Shields
  1613 | D:2      | Reached XP level 4. HP: 37/37 MP: 4/4
  1644 | D:2      | Noticed Natasha
  1657 | D:2      | Killed Natasha
  1717 | D:2      | Noticed Jessica
  1737 | D:2      | Killed Terence
  1737 | D:2      | Reached skill level 1 in Armour
  1744 | D:2      | Killed Jessica
  1744 | D:2      | Reached XP level 5. HP: 28/42 MP: 5/5
  1936 | D:2      | Noticed Natasha
  1946 | D:2      | Killed Natasha
  2489 | D:3      | HP: 1/42 [orc priest/divine providence (11)]
  2491 | D:3      | Slain by an orc priest

Vault maps used:
D:1:      saegor_arrival_simple_c
D:2:      marbit_many_paths, serial_forest, infiniplex_forest_clump_long,
          infiniplex_forest_straight_4, infiniplex_forest_end_2,
          infiniplex_forest_clump_large, first_bread, grunt_ministairs_9,
          kennysheep_another_room, fedhas_altar_4, uniq_natasha, uniq_jessica,
          uniq_terence
D:3:      trog_book

Skill      XL: |  1  2  3  4  5 |
---------------+----------------+-----
Dodging        | 3 4 |  4.0
Shields        | 1 |  1.8
Fighting       | 4 |  4.1
Armour         | 1 |  1.8
Stealth        | |  1.7
Unarmed Combat | |  3.6

Action                   |  1- 3 |  4- 6 || total
-------------------------+-------+-------++-------
Melee: Unarmed           |   176 |    71 ||   247
       Flail             |       |   137 ||   137
Evoke: Wand              |       |     2 ||     2
  Use: Potion            |       |     5 ||     5
       Scroll            |       |     6 ||     6
 Stab: Sleeping          |     4 |       ||     4
  Eat: Chunk             |     2 |     4 ||     6
Armor: Chain mail        |    76 |    92 ||   168
       Robe              |     7 |       ||     7
       Skin              |       |     8 ||     8
Dodge: Dodged            |    63 |    62 ||   125
Block: Buckler           |    20 |    40 ||    60
